 Dungeon Crawl Stone Soup version 0.18.1-5-g4a78601 (webtiles) character file.

49 oplop the Chiller (level 3, -2/21 HPs)
             Began as an Octopode Ice Elementalist on May 13, 2016.
             Slain by a goblin
             ... wielding a +0 club
             ... led by Robin
              (5 damage)
             ... on level 2 of the Dungeon.
             The game lasted 00:02:38 (1143 turns).

oplop the Chiller (Octopode Ice Elementalist)       Turns: 1143, Time: 00:02:39

Health: -2/21      AC:  1    Str:  7    XL:     3   Next: 77%
Magic:  7/7        EV: 12    Int: 18    God:
Gold:   67         SH:  0    Dex: 12    Spells: 1 memorised, 6 levels left

rFire  . . .     SeeInvis .     k - +0 dagger
rCold  . . .     Gourm    .     (no shield)
rNeg   . . .     Faith    .     (helmet restricted)
rPois  .         Spirit   .     (no amulet)
rElec  .         Dismiss  .     (no ring)
rCorr  .         Reflect  .     (no ring)
SustAt .         Harm     .     (no ring)
MR     .....                    (no ring)
Stlth  +++.......               (no ring)
                                (no ring)
                                (no ring)
                                (no ring)

@: not resistant to hostile enchantments, fairly stealthy
A: almost no armour, amphibious, 8 rings, constrict 8, camouflage 1, gelatinous
body 1
a: no special abilities


You were on level 2 of the Dungeon.
You were not hungry.

You visited 1 branch of the dungeon, and saw 2 of its levels.

You collected 67 gold pieces.

Inventory:

Hand Weapons
 k - a +0 dagger (weapon)
Jewellery
 e - a +3 ring of dexterity {unknown}
Scrolls
 c - a scroll of enchant armour {unknown}
 f - 2 scrolls of amnesia {unknown}
 h - 2 scrolls of teleportation {unknown}
 i - a scroll of remove curse {unknown}
Potions
 g - a potion of agility {unknown}
 j - a potion of mutation {unknown}
 l - a potion of heal wounds {unknown}
Books
 a - a book of Frost

   Spells                             Type                      Level
   a - Freeze                         Ice                          1
   b - Throw Frost                    Conjuration/Ice              2
   c - Ozocubu's Armour               Charms/Ice                   3
   d - Throw Icicle                   Conjuration/Ice              4
   e - Summon Ice Beast               Ice/Summoning                4
Comestibles
 b - 2 bread rations
 d - a meat ration
 m - a chunk of flesh


   Skills:
 - Level 2.0 Dodging
 - Level 2.6 Stealth
 + Level 2.9 Spellcasting
   Level 1.0 Conjurations
 + Level 3.9 Ice Magic


You had 6 spell levels left.
You knew the following spells:

 Your Spells              Type           Power        Failure   Level  Hunger
a - Freeze                Ice            ###.         3%          1    None


Dungeon Overview and Level Annotations

Branches:
Dungeon (2/15)

Altars:

Annotations:
D:2 Robin


Innate Abilities, Weirdness & Mutations

You cannot wear most types of armour.
You are amphibious.
You can wear up to eight rings at the same time.
You can use your tentacles to constrict eight enemies at once.
Your skin changes colour to match your surroundings (Stealth).
Your rubbery body absorbs attacks (AC +1).


Message History

The goblin shouts! x2; Robin shouts!
The goblin shouts! x2; You hear a shout!
The goblin hits you.
Robin roars a battlecry!
The goblins go into a battle-frenzy!
The hobgoblin shouts!
The goblin hits you. The goblin misses you. The hobgoblin hits you.
The hobgoblin barely misses you. Robin throws the goblin at you!
The goblin hits you with a club.
* * * LOW HITPOINT WARNING * * *
The hobgoblin hits you but does no damage.
The goblin hits you with a club.
* * * LOW HITPOINT WARNING * * *
The hobgoblin hits you.
* * * LOW HITPOINT WARNING * * *
Found a stone staircase leading down.
The goblin no longer looks unusually strong.
The goblin hits you with a club.
You die...

........g.## ....
.#.....##g.## ...>.
##.###.###..##.#..#
#.. ..###.......#
#.# ..##..g.g..###
..##......[g####
......##....g###
.....###.###.g.#####
.........#...ggg@..#
...................#
..##.##÷.#.........#
.....##............#
..####..##.........#
.## #..###.........#
#####.## #.........#
#.....# #.........#
......# #...........


You could see 2 hobgoblins and 4 goblins.

Vanquished Creatures
  Natasha (D:2)
  A dart slug (D:1)
  2 giant geckos (D:2)
  5 bats
  6 goblins
  A kobold (D:1)
  A quokka (D:2)
  A giant newt (D:1)
  2 rats (D:2)
20 creatures vanquished.

Notes
Turn   | Place    | Note
--------------------------------------------------------------
     0 | D:1      | oplop the Octopode Ice Elementalist began the quest for the Orb.
     0 | D:1      | Reached XP level 1. HP: 11/11 MP: 3/3
   309 | D:1      | Reached XP level 2. HP: 5/17 MP: 0/5
   721 | D:2      | Noticed Robin
   723 | D:2      | Noticed Natasha
   895 | D:2      | namelastname112: пойду тоже осьминожкой попробую
   895 | D:2      | namelastname112: на другом серве
   895 | D:2      | oplop: пиздец
   895 | D:2      | oplop: оркверриор с камнями на д3
   899 | D:2      | Killed Natasha
   899 | D:2      | Reached XP level 3. HP: 9/21 MP: 2/7
   958 | D:2      | namelastname112: блять
   969 | D:2      | namelastname112: старт просто 10/10
  1118 | D:2      | namelastname112: You fall through a shaft! The shaft crumbles and collapses. You are engulfed in blessed fire. _Ouch! That really hurt!
  1118 | D:2      | oplop: норм
  1118 | D:2      | oplop: это куда ты упал?
  1143 | D:2      | namelastname112: в волт тсо
  1143 | D:2      | Slain by a goblin

Action                   || total
-------------------------++-------
Melee: Unarmed           ||    21
       Constrict         ||     9
       Tentacles         ||     9
       Dagger            ||    22
 Cast: Freeze            ||     8
 Stab: Sleeping          ||     9
  Eat: Chunk             ||     1
Armor: Skin              ||     4
Dodge: Dodged            ||    34
